 Dungeon Crawl Stone Soup version 0.14.0-26-g1682e81 (webtiles) character file.

355 Heini the Covered (level 5, -2/47 HPs)
             Began as a Hill Orc Fighter on Apr 26, 2014.
             Slain by a quasit (3 damage)
             ... on Level 3 of the Dungeon.
             The game lasted 00:08:06 (2719 turns).

Heini the Covered (Hill Orc Fighter)                Turns: 2719, Time: 00:08:07

HP  -2/47        AC 10     Str 25      XL: 5   Next: 54%
MP   5/5         EV  2     Int  8      God:
Gold 181         SH  0     Dex -1 (10) Spells:  0 memorised,  4 levels left

rFire  . . .     SeeInvis .     a - +0 war axe
rCold  . . .     Clarity  +     b - +1 scale mail
rNeg   . . .     Conserve .     c - +0 shield
rPois  .         rCorr    .     w - +2 hat
rElec  .         rRot     .     (no cloak)
SustAb . .       Spirit   .     (no gloves)
rMut   .         Warding  .     (no boots)
Saprov + . .     Stasis   .     l - amulet of clarity
MR     .....                    (no ring)
                                (no ring)

@: lost dexterity, mighty, very slow, not resistant to hostile enchantments,
extremely unstealthy
A: saprovore 1
a: no special abilities


You were on level 3 of the Dungeon.
You were hungry.

You visited 1 branch of the dungeon, and saw 3 of its levels.

You collected 181 gold pieces.

Inventory:

Hand weapons
 a - a +0,+0 war axe (weapon)
Armour
 b - a +1 scale mail (worn)
 c - a +0 shield (worn)
 w - a +2 hat (worn)
Comestibles
 d - 2 meat rations
 h - 3 rotting chunks of orc flesh
 m - 2 bread rations
Scrolls
 f - 4 scrolls of teleportation
 g - a scroll of blinking
 k - a scroll of magic mapping
 n - 2 scrolls of identify
 q - a scroll of immolation
 r - a scroll of random uselessness {unknown}
 s - a scroll of noise {unknown}
 t - a scroll of fog {unknown}
Jewellery
 l - an amulet of clarity (around neck)
Potions
 i - a potion of heal wounds
 j - a potion of mutation
 o - a potion of restore abilities {unknown}
 p - 3 potions of curing
 v - a potion of degeneration {unknown}
Books
 u - a book of the Warp

   Spells                             Type                      Level
   Control Teleport                   Charms/Translocation         4
   Phase Shift                        Translocation                5
   Warp Weapon                        Charms/Translocation         5
   Summon Forest                      Summoning/Translocation      5
   Dispersal                          Translocation                6
   Controlled Blink                   Translocation                7
   Disjunction                        Translocation                8


   Skills:
 * Level 4.7 Fighting
 * Level 4.2 Axes
 * Level 5.2 Armour
 - Level 0.1 Dodging
 - Level 3.4 Shields


You had 4 spell levels left.
You didn't know any spells.

Dungeon Overview and Level Annotations

Branches:
Dungeon (3/15)

Altars:


Innate Abilities, Weirdness & Mutations

You can tolerate rotten meat.


Message History

The quasit bites you but does no damage.
The quasit claws you but does no damage. x2
The quasit bites you but does no damage.
The quasit claws you but does no damage. x2
The quasit bites you but does no damage.
The quasit claws you.
* * * LOW HITPOINT WARNING * * *
The quasit claws you but does no damage.
You hit the quasit but do no damage.
The quasit is severely wounded.
The quasit bites you but does no damage.
The quasit claws you but does no damage.
The quasit claws you.
* * * LOW HITPOINT WARNING * * *
The quasit bites you but does no damage.
The quasit claws you but does no damage. x2
The quasit completely misses you.
The quasit claws you but does no damage. x2
The quasit bites you.
You die...

... .... #... ♣
##...#
♣###############....#
♣..........>........#
.#######..%#####...#
#...##.!...#..5#
###...##...).#>.@#
...<.............#
.................#
..#(..########...####
....................#
♣.#...#######.......#
♣###### #.......# .##
#....#### ..####
#....#


You could see a quasit.

Vanquished Creatures
  An orc priest (D:3)
  5 adders
  A giant mite (D:1)
  An inept feature mimic (D:2)
  4 giant geckos
  3 oozes
  4 orcs (D:3)
  A ball python (D:2)
  2 giant cockroaches
  10 goblins
  12 hobgoblins
  8 kobolds
  5 bats
  5 giant newts
  3 jackals (D:3)
  10 rats
  2 plants (D:3)
77 creatures vanquished.

Notes
Turn   | Place    | Note
--------------------------------------------------------------
     0 | D:1      | Heini, the Hill Orc Fighter, began the quest for the Orb.
     0 | D:1      | Reached XP level 1. HP: 19/19 MP: 1/1
   188 | D:1      | Reached XP level 2. HP: 6/27 MP: 2/2
   583 | D:1      | Reached skill level 4 in Armour
   585 | D:1      | Reached XP level 3. HP: 31/33 MP: 3/3
   962 | D:2      | Reached XP level 4. HP: 38/40 MP: 4/4
  2076 | D:3      | Reached XP level 5. HP: 47/47 MP: 5/5
  2083 | D:3      | Reached skill level 5 in Armour
  2711 | D:3      | Lost dexterity.
  2714 | D:3      | HP: 2/47 [clumsiness (a quasit)]
  2719 | D:3      | HP: 1/47 [quasit (1)]
  2719 | D:3      | Slain by a quasit

Action                   |  1- 3 |  4- 6 || total
-------------------------+-------+-------++-------
Melee: War axe           |   132 |   325 ||   457
  Use: Scroll            |     3 |     3 ||     6
       Potion            |       |     1 ||     1
